 Dungeon Crawl Stone Soup version 0.27-a0-1281-ge233d83751 (webtiles) character file.

Game seed: 8992370053882155464

19966 27snakeeyes612 the Fighter (level 12, 0/67 HPs)
             Began as a Vine Stalker Fighter on June 14, 2021.
             Was an Elder of Makhleb.
             Slain by a 12-headed hydra (4 damage)
             ... on level 1 of the Lair of Beasts.
             The game lasted 00:11:40 (11326 turns).

27snakeeyes612 the Fighter (Vine Stalker Fighter)  Turns: 11326, Time: 00:11:40

Health: 0/67       AC: 25    Str: 23    XL:     12   Next: 74%
Magic:  0/31       EV:  6    Int:  8    God:    Makhleb [****..]
Gold:   980        SH: 13    Dex: 15    Spells: 11/11 levels left

rFire    . . .     SeeInvis .   K - +7 broad axe (elec)
rCold    . . .     Faith    .   c - +1 kite shield
rNeg     . . .     Spirit   +   l - +2 plate armour
rPois    .         Reflect  .   t - +1 helmet
rElec    .         Harm     .   n - +2 cloak {Stlth+}
rCorr    .         Rampage  .   I - +2 pair of gloves
Will     +....                  (no boots)
Stlth    ..........             (no amulet)
HPRegen  1.21/turn              i - ring of magical power
MPRegen  0.22/turn              r - ring of magical power

@: about to teleport
A: fangs 3, regeneration 1, magic shield, antimagic bite, no potion heal 2
a: Renounce Religion, Minor Destruction, Lesser Servant of Makhleb, Major
Destruction


You were on level 1 of the Lair of Beasts.
You worshipped Makhleb.
Makhleb was greatly pleased with you.
You visited 2 branches of the dungeon, and saw 13 of its levels.
You also visited: Ossuary.

You collected 1036 gold pieces.
You spent 56 gold pieces at shops.

Inventory:

Hand Weapons
 a - a +1 war axe of venom
 K - a +7 broad axe of electrocution (weapon)
Missiles
 v - a throwing net
 x - 2 curare-tipped darts
Armour
 c - a +1 kite shield (worn)
 l - a +2 plate armour (worn)
 n - a +2 cloak of stealth (worn)
 t - a +1 helmet (worn)
 I - a +2 pair of gloves (worn)
Jewellery
 b - an amulet of regeneration
 i - a ring of magical power (left hand)
 o - a ring of willpower
 r - a ring of magical power (right hand)
 D - a ring of positive energy
 E - a ring of fire
 J - a ring of positive energy
Wands
 A - a wand of iceblast (5)
 B - a wand of paralysis (4)
 C - a wand of digging (13)
 H - a wand of acid (3) (quivered)
Scrolls
 e - a scroll of magic mapping
 g - 9 scrolls of identify
 k - 3 scrolls of teleportation
 p - a scroll of holy word
 y - 3 scrolls of fog
 M - a scroll of enchant armour
Potions
 d - 3 potions of might
 f - 6 potions of curing
 h - 3 potions of mutation {unknown}
 j - 8 potions of degeneration {unknown}
 m - 2 potions of ambrosia
 q - a potion of attraction {unknown}
 s - 2 potions of berserk rage {unknown}
 u - 4 potions of haste
 w - 3 potions of flight {unknown}
 z - 3 potions of magic {unknown}
 F - 2 potions of brilliance {unknown}
 G - 3 potions of lignification {unknown}
 L - a potion of heal wounds {unknown}


   Skills:
 + Level 10.0 Fighting
 + Level 9.8 Axes
 + Level 9.2 Armour
 + Level 10.0 Shields


You had 11 spell levels left.
You didn't know any spells.
Your spell library contained the following spells:

 Spells                   Type           Power      Damage    Failure   Level
 Foxfire                  Conj/Fire      0%         2x1d4     100%        1
 Magic Dart               Conj           0%         1d3       100%        1
 Searing Ray              Conj           0%         3d3       100%        2
 Conjure Flame            Conj/Fire      0%         6-21      100%        3
 Dazzling Flash           Conj/Hex       0%         N/A       100%        3
 Inner Flame              Hex/Fire       0%         N/A       100%        3
 Fulminant Prism          Conj/Hex       0%         3d6       100%        4
 Iskenderun's Mystic Bla  Conj/Tloc      0%         2d3       100%        4
 Sticky Flame             Conj/Fire      0%         2d3       100%        4
 Fireball                 Conj/Fire      0%         3d3       100%        5


Dungeon Overview and Level Annotations

Branches:
Dungeon (12/15)            Temple (0/1) D:7            Lair (1/6) D:11
    Orc (0/2) D:10        Ossuary (visited)

Altars:
Ashenzari
Cheibriados
Elyvilon
Kikubaaqudgha
Makhleb
Trog
Vehumet
Xom
Yredelemnul
Zin

Shops:
D:5 *   D:9 *   D:10 (   D:11 ?

Annotations:
D:3 3 runed translucent doors, morra's ghost, amateur OpTm


Innate Abilities, Weirdness & Mutations

You have razor-sharp teeth.
Your natural rate of healing is unusually fast.
When hurt, damage is shared between your health and your magic reserves.
Your bite disrupts and absorbs the magic of your enemies.
Potions cannot restore your health.


Message History

The ten-headed hydra closely misses you.
You block the ten-headed hydra's attack. x2
The ten-headed hydra bites you but does no damage.
You slice one of the ten-headed hydra's heads off!
The nine-headed hydra grows two more!
You hit the 11-headed hydra. Your bite misses the 11-headed hydra.
The 11-headed hydra is almost dead.
You block the 11-headed hydra's attack. The 11-headed hydra bites you!
* * * LOW HITPOINT WARNING * * *
You block the 11-headed hydra's attack.
The 11-headed hydra bites you but does no damage.
The 11-headed hydra bites you.
* * * LOW HITPOINT WARNING * * *
The 11-headed hydra bites you.
The 11-headed hydra bites you but does no damage. x3
The 11-headed hydra bites you!
* * * LOW HITPOINT WARNING * * *
The 11-headed hydra bites you but does no damage.
You lop one of the 11-headed hydra's heads off!
The ten-headed hydra grows two more!
You hit the 12-headed hydra.
The 12-headed hydra is severely wounded.
You block the 12-headed hydra's attack.
The 12-headed hydra bites you but does no damage. x2
You block the 12-headed hydra's attack.
The 12-headed hydra bites you but does no damage.
The 12-headed hydra bites you!
* * * LOW HITPOINT WARNING * * *
You block the 12-headed hydra's attack.
The 12-headed hydra bites you but does no damage. x2
The 12-headed hydra barely misses you. You block the 12-headed hydra's attack.
The 12-headed hydra bites you.
* * * LOW HITPOINT WARNING * * *
As you read the scroll of teleportation, it crumbles to dust.
You feel strangely unstable.
The 12-headed hydra bites you but does no damage.
The 12-headed hydra bites you!
* * * LOW HITPOINT WARNING * * *
The 12-headed hydra bites you but does no damage. x2
You block the 12-headed hydra's attack. x2; The 12-headed hydra bites you.
You die...

..................#.
#.................
#....###.....# #.....##..#..#
. ####....###..#..##
..###................##
##.......................P#
#...........D............#
##.....#....@............#
#......###.......†...[...#
#.....###...............#
#.....#P#.......#..#..§.....
#...................[##§.#≈#
#.....†............#.#≈§≈§§#
#P.......###..##.####..≈§≈§#.
##.....### #..#### #.#≈≈§≈§.
#..... #..# #.≈######


You could see a 12-headed hydra.

Vanquished Creatures
  A fire dragon (D:10)
  A hydra (Lair:1)
  An ice dragon (D:12)
  A boulder beetle (D:12)
  3 two-headed ogres
  Erica (D:8)
  Pikel (D:7)
  2 deep elf pyromancers
  2 orc knights (D:10)
  2 cyclopes (D:12)
  A manticore (D:11)
  An ugly thing (D:12)
  Joseph (D:7)
  A black mamba (Lair:1)
  2 gargoyles
  A cane toad (Lair:1)
  An unseen horror (D:12)
  Maggie (D:8)
  2 komodo dragons
  Grinder (D:5)
  3 trolls
  Sigmund (D:5)
  A wraith (D:11)
  11 yaks (D:10)
  2 shadows
  A wyvern (D:9)
  3 steam dragons
  3 basilisks
  Grum (D:8)
  Menkaure (D:5)
  Edmund (D:5)
  4 water moccasins
  2 orc warriors
  3 ice beasts
  3 sky beasts
  3 wolves (D:8)
  An ogre (D:7)
  4 centaurs
  A lemure (D:7)
  2 kobold brigands (D:8)
  2 bullfrogs (D:6)
  A scorpion (D:6)
  2 gnoll sergeants
  3 wights (D:6)
  7 howler monkeys
  2 electric eels (D:6)
  3 centaur zombies
  2 centaur skeletons
  Crazy Yiuf (D:3)
  A human zombie (Ossuary)
  A jelly (D:8)
  3 orc priests
  A bullfrog skeleton (D:6)
  2 iguanas
  8 orc wizards
  A hound skeleton (D:4)
  3 mummies (Ossuary)
  A howler monkey skeleton (D:7)
  6 gnolls
  2 adders
  A shadow imp (D:5)
  An ufetubus (D:7)
  An adder zombie (Ossuary)
  2 adder skeletons (D:4)
  2 worms
  3 dart slugs
  34 orcs
  9 bats
  9 endoplasms
  3 giant cockroaches
  5 goblins
  14 hobgoblins
  4 jackals (D:2)
  3 quokkas
  5 ball pythons
  7 frilled lizards (D:1)
  A gnoll zombie (Ossuary)
  2 goblin zombies (Ossuary)
  A hobgoblin zombie (Ossuary)
  12 kobolds
  6 kobold zombies (Ossuary)
  2 quokka zombies (Ossuary)
  7 rats
  4 rat zombies (Ossuary)
268 creatures vanquished.

Vanquished Creatures (others)
  An adder (D:6)
  7 fungi
  9 plants
17 creatures vanquished.

Grand Total: 285 creatures vanquished

Notes
Turn   | Place    | Note
-------+----------+-------------------------------------------
     0 | D:1      | 27snakeeyes612 the Vine Stalker Fighter began the quest for
                  | the Orb.
     0 | D:1      | Reached XP level 1. HP: 11/11 MP: 2/2
   142 | D:1      | Reached XP level 2. HP: 6/16 MP: 1/3
   632 | D:1      | Found a faded altar of an unknown god.
   819 | D:1      | Reached XP level 3. HP: 19/19 MP: 4/4
   839 | D:1      | You fall into a shaft and drop 1 floor!
  1563 | D:2      | Gained mutation: Your natural rate of healing is unusually
                  | fast. [Vine Stalker growth]
  1563 | D:2      | Reached XP level 4. HP: 22/24 MP: 5/5
  2361 | D:3      | Found a runed translucent gate.
  2361 | D:3      | Found a runed translucent gate.
  2361 | D:3      | Found a runed translucent gate.
  2370 | D:3      | Noticed morra's ghost (amateur OpTm)
  2595 | D:3      | Reached XP level 5. HP: 28/28 MP: 6/6
  2930 | D:3      | Found a runed translucent door.
  2931 | D:3      | Noticed Crazy Yiuf
  2940 | D:3      | Killed Crazy Yiuf
  3817 | D:5      | Entered Level 5 of the Dungeon
  3853 | D:5      | Noticed Grinder
  3869 | D:5      | Paralysed by Grinder for 3 turns
  3881 | D:5      | Paralysed by Grinder for 3 turns
  3886 | D:5      | Killed Grinder
  3887 | D:5      | Reached XP level 6. HP: 27/33 MP: 7/7
  3917 | D:5      | Found Foexao's General Store.
  3940 | D:5      | Noticed Menkaure
  3950 | D:5      | Killed Menkaure
  3951 | D:5      | Reached XP level 7. HP: 36/37 MP: 8/8
  3999 | D:5      | Noticed Sigmund
  4011 | D:5      | Killed Sigmund
  4516 | D:5      | Gained mutation: You have razor-sharp teeth. [Vine Stalker
                  | growth]
  4516 | D:5      | Reached XP level 8. HP: 37/42 MP: 9/9
  4639 | D:5      | Noticed Edmund
  4649 | D:5      | Killed Edmund
  4650 | D:5      | Reached skill level 5 in Fighting
  4650 | D:5      | Reached skill level 5 in Shields
  4746 | D:6      | Noticed a two-headed ogre
  4868 | D:6      | Found a burning altar of Makhleb.
  4878 | D:6      | Became a worshipper of Makhleb the Destroyer
  4908 | D:6      | Reached skill level 5 in Axes
  5001 | D:6      | Found a sand-covered staircase.
  5006 | Ossuary  | Entered an ossuary
  5017 | Ossuary  | Reached skill level 5 in Armour
  5111 | Ossuary  | Reached * piety under Makhleb
  5232 | D:6      | Killed a two-headed ogre
  5233 | D:6      | Reached XP level 9. HP: 17/48 MP: 6/10
  6382 | D:7      | Noticed Joseph
  6393 | D:7      | Killed Joseph
  6496 | D:7      | Reached XP level 10. HP: 53/53 MP: 11/11
  6797 | D:7      | Noticed Pikel
  6806 | D:7      | Killed Pikel
  6814 | D:7      | Reached ** piety under Makhleb
  6827 | D:7      | Found a staircase to the Ecumenical Temple.
  7291 | D:8      | Noticed Erica
  7307 | D:8      | Killed Erica
  7331 | D:8      | Found a glowing silver altar of Zin.
  7348 | D:8      | Noticed Grum
  7361 | D:8      | Killed Grum
  7369 | D:8      | Found an ancient bone altar of Kikubaaqudgha.
  7376 | D:8      | Found a basalt altar of Yredelemnul.
  7400 | D:8      | Found a white marble altar of Elyvilon.
  7400 | D:8      | Found a bloodstained altar of Trog.
  7444 | D:8      | Found a broken altar of Ashenzari.
  7517 | D:8      | Noticed an angel
  7518 | D:8      | Found a shimmering altar of Xom.
  7519 | D:8      | Noticed Maggie
  7529 | D:8      | Killed Maggie
  7722 | D:8      | Found a snail-covered altar of Cheibriados.
  8155 | D:9      | Found Ycasan's General Store.
  8387 | D:10     | Entered Level 10 of the Dungeon
  8393 | D:10     | Reached XP level 11. HP: 59/60 MP: 12/12
  8400 | D:10     | Reached *** piety under Makhleb
  8949 | D:10     | Found a staircase to the Orcish Mines.
  8950 | D:10     | Found Ypacivot's Weapon Boutique.
  8993 | D:10     | Bought a +0 broad axe for 56 gold pieces
  9167 | D:10     | Noticed a fire dragon
  9243 | D:11     | Found a staircase to the Lair.
  9269 | D:11     | Noticed a five-headed hydra
  9373 | D:12     | Noticed a deep elf pyromancer
  9384 | D:12     | Killed a deep elf pyromancer
  9430 | D:12     | Noticed a cyclops
  9438 | D:12     | Killed a cyclops
  9500 | D:12     | Noticed a two-headed ogre
  9509 | D:12     | Noticed a cyclops
  9510 | D:12     | Killed a two-headed ogre
  9514 | D:12     | Killed a cyclops
  9523 | D:12     | Noticed a boulder beetle
  9526 | D:12     | Noticed a purple ugly thing
  9536 | D:12     | Killed a purple ugly thing
  9577 | D:12     | Killed a boulder beetle
  9712 | D:12     | Noticed an ice dragon
  9718 | D:12     | Killed an ice dragon
 10029 | D:11     | Found Xafroh's Magic Scroll Boutique.
 10034 | D:11     | Reached XP level 12. HP: 66/66 MP: 13/13
 10190 | D:11     | Noticed a two-headed ogre
 10198 | D:11     | Killed a two-headed ogre
 10223 | D:11     | Reached **** piety under Makhleb
 10625 | D:10     | Found a radiant altar of Vehumet.
 10893 | D:10     | Killed a fire dragon
 11079 | Lair:1   | Entered Level 1 of the Lair of Beasts
 11239 | Lair:1   | Noticed a six-headed hydra
 11251 | Lair:1   | Killed an 11-headed hydra
 11252 | Lair:1   | Reached skill level 10 in Fighting
 11252 | Lair:1   | Reached skill level 10 in Shields
 11308 | Lair:1   | Noticed a four-headed hydra
 11326 | Lair:1   | Slain by a 12-headed hydra

Illustrated notes

Levels and vault maps discovered:
D:1:      dpeg_arrival_chambers_temple_mockup, layout_loops_ring,
          shapermc_ecumenical_altar_venn, minmay_lizard_pond
D:2:      layout_basic
D:3:      layout_basic, ebering_ghost_rock_garden, minmay_cut_off,
          uniq_crazy_yiuf_cottage
D:4:      layout_basic
D:5:      layout_loops_ring, serial_shops,
          nicolae_shop_temple_entry_statues_fountains,
          amcnicky_mini_corridor_feature, uniq_menkaure, uniq_grinder,
          uniq_sigmund, uniq_edmund
D:6:      layout_layer_cave, lightli_temple_of_fire, enter_ossuary_2,
          chequers_big_river, serial_bayou_pond_d, lemuel_old_faithful
D:7:      layout_loops_ring, minmay_temple_entry_tees,
          kennysheep_cross_bottleneck, uniq_pikel, uniq_joseph
D:8:      layout_loops_ring, grunt_temple_overflow_order_and_chaos_1,
          overflow_temple_1_default, lemuel_coloured_pillars_altar,
          grunt_temple_overflow_open, uniq_grum, uniq_maggie, uniq_erica
D:9:      layout_roguey, serial_shops, shop, kennysheep_potato
D:10:     layout_layer_cave, lemuel_crystal_altar, orc_david_3,
          serial_bayou_pond_d, minmay_misc_feat_pillars,
          minmay_fractal_squares_gapless_7
D:11:     layout_roguey, lair_entry_dummy, serial_shops, shop
D:12:     layout_long_grid
Lair:1:   layout_gridlike, minivault_27, serial_bayou_pond_e

Skill      XL: |  1  2  3  4  5  6  7  8  9 10 11 12 |
---------------+-------------------------------------+-----
Axes           | 2 3 4 5 6 7 9 |  9.8
Shields        | 3 4 6 8 9 10 | 10.0
Fighting       | 3 4 6 8 9 10 | 10.0
Armour         | 3 4 5 6 7 8 9 |  9.2

Action                   |  1- 3 |  4- 6 |  7- 9 | 10-12 || total
-------------------------+-------+-------+-------+-------++-------
Melee: War axe           |   110 |   123 |   244 |   206 ||   683
       Bite              |    24 |    41 |    73 |   155 ||   293
       Broad axe         |       |       |       |   185 ||   185
Throw: Throwing net      |       |     1 |     2 |       ||     3
Evoke: Wand              |       |       |       |     3 ||     3
  Use: Scroll            |       |       |    15 |    16 ||    31
       Potion            |       |       |     2 |       ||     2
Armor: Scale mail        |    73 |    15 |       |       ||    88
       Plate armour      |       |    47 |   127 |   358 ||   532
Dodge: Dodged            |    42 |    16 |    29 |   102 ||   189
Block: Kite shield       |    52 |    69 |   134 |   311 ||   566

Table legend: (Time is in decaauts)
 A = Elapsed time spent in this place.
 B = Non-inter-level travel time spent in this place.
 C = Inter-level travel time spent in this place.
 D = Time resting spent in this place.
 E = Time spent auto-exploring this place.
 F = Levels seen in this place.
 G = Mean time per level.
                   A        B        C        D        E       F      G
               +--------+--------+--------+--------+--------+-----+--------+
         Total |  11709 |  11257 |    452 |    179 |   8778 |  14 |  836.4 |
       Dungeon |  11287 |  10835 |    452 |    179 |   8543 |  12 |  940.6 |
          Lair |    256 |    256 |      0 |      0 |    154 |   1 |  256.0 |
       Ossuary |    164 |    164 |      0 |      0 |     81 |   1 |  164.0 |
               +--------+--------+--------+--------+--------+-----+--------+

Top non-repeatable levels by time:
     D:6: 1530 daAuts
    D:10: 1464 daAuts
     D:1: 1293 daAuts
     D:3: 1019 daAuts
     D:5: 974 daAuts
     D:4: 821 daAuts
     D:2: 811 daAuts
     D:8: 788 daAuts
    D:12: 770 daAuts
     D:7: 734 daAuts
     D:9: 568 daAuts
    D:11: 511 daAuts
  Lair:1: 256 daAuts
 Ossuary: 164 daAuts
